 Dungeon Crawl Stone Soup version 0.29.1-1-gd02db6906a (webtiles) character file.

Game seed: 11352528045657833210

298 zeram the Caller (level 6, -8/44 HPs)
             Began as a Gnoll Summoner on Oct 10, 2022.
             Killed by nerve-wracking pain
             ... invoked by an orc priest
              (13 damage)
             ... on level 4 of the Dungeon.
             The game lasted 00:07:16 (3506 turns).

zeram the Caller (Gnoll Summoner)                   Turns: 3506, Time: 00:07:16

Health: -8/44      AC: 10    Str:  9    XL:     6   Next: 35%
Magic:  14/14      EV:  4    Int: 15    God:
Gold:   63         SH:  5    Dex: 12    Spells: 12/15 levels left

rFire   . . .      SeeInvis .   e - +0 dagger (speed)
rCold   . . .      Faith    .   (no shield)
rNeg    . . .      Spirit   .   c - +0 storm dragon scales
rPois   .          Reflect  +   (helmet restricted)
rElec   +          Harm     .   (no cloak)
rCorr   .          Rampage  .   (no gloves)
Will    .....                   (no boots)
Stlth   ..........              g - amulet of reflection
HPRegen 0.14/turn               (no ring)
MPRegen 0.14/turn               (no ring)

@: no status effects
A: fangs 1, strong nose, distributed training, horns 1
a: no special abilities


You were on level 4 of the Dungeon.
You visited 1 branch of the dungeon, and saw 4 of its levels.

You collected 63 gold pieces.

Inventory:

Hand Weapons
 d - a +0 whip
 e - a +0 dagger of speed (weapon)
Armour
 a - a +0 robe
 c - +0 storm dragon scales (worn)
 f - a +0 robe of cold resistance
Jewellery
 g - an amulet of reflection (around neck)
Wands
 l - a wand of polymorph (7)
 m - a wand of flame (22)
Scrolls
 n - a scroll of teleportation
Potions
 b - a potion of magic
 h - a potion of attraction


   Skills:
 + Level 2.0 Fighting
 + Level 2.0 Short Blades
 + Level 2.0 Long Blades
 + Level 2.0 Axes
 + Level 2.0 Maces & Flails
 + Level 2.0 Polearms
 + Level 2.0 Staves
 + Level 2.0 Ranged Weapons
 + Level 2.0 Throwing
 + Level 2.0 Armour
 + Level 5.0 Dodging
 + Level 4.6 Stealth
 + Level 2.0 Shields
 + Level 2.0 Unarmed Combat
 + Level 5.4 Spellcasting
 + Level 1.6 Conjurations
 + Level 1.6 Hexes
 + Level 7.3 Summonings
 + Level 1.6 Necromancy
 + Level 1.6 Translocations
 + Level 1.6 Transmutations
 + Level 1.6 Fire Magic
 + Level 1.6 Ice Magic
 + Level 1.6 Air Magic
 + Level 1.6 Earth Magic
 + Level 1.6 Poison Magic
 + Level 2.2 Invocations
 + Level 2.0 Evocations


You had 12 spell levels left.
You knew the following spells:

 Your Spells              Type           Power      Damage    Failure   Level
a - Summon Small Mammal   Summ           100%       N/A       63%         1
b - Call Imp              Summ           26%        N/A       77%         2

Your spell library contained the following spells:

 Spells                   Type           Power      Damage    Failure   Level
 Call Canine Familiar     Summ           26%        N/A       94%         3
 Magic Dart               Conj           32%        1d4       100%        1
 Necrotise                Necr           32%        1d5       100%        1
 Ensorcelled Hibernation  Hex/Ice        16%        N/A       100%        2
 Searing Ray              Conj           16%        2d5       100%        2
 Sublimation of Blood     Necr           8%         N/A       100%        2
 Wereblood                Tmut           8%         N/A       100%        2
 Spider Form              Tmut/Pois      8%         N/A       100%        3
 Summon Guardian Golem    Hex/Summ       17%        N/A       100%        3
 Vampiric Draining        Necr           8%         2d6       100%        3
 Anguish                  Hex/Necr       4%         N/A       100%        4
 Fulminant Prism          Conj/Hex       4%         3d6       100%        4
 Summon Lightning Spire   Summ/Air       17%        N/A       100%        4
 Agony                    Necr           8%         N/A       100%        5
 Summon Hydra             Summ           13%        N/A       100%        7


Dungeon Overview and Level Annotations

Branches:
Dungeon (4/15)
 Temple: D:4-7

Altars:
Fedhas
Kikubaaqudgha
The Shining One

Annotations:
D:2 Sigmund
D:4 2 transporters


Innate Abilities, Weirdness & Mutations

You have very sharp teeth.
Your uncanny sense of smell can sniff out nearby items.
Your experience applies equally to all skills.
You have a pair of small horns on your head.


Message History

The orc priest hits you but does no damage.
The worm bites you but does no damage.
You hit the orc priest. Your headbutt misses the orc priest.
The orc priest is lightly wounded.
The orc priest calls down the wrath of Beogh upon you.
Beogh smites you!
You hit the orc priest. You headbutt the orc priest.
The orc priest is moderately wounded.
You block the worm's attack.
You barely miss the orc priest. Your headbutt misses the orc priest.
You bite the orc priest.
The orc priest is heavily wounded.
The orc priest invokes the aid of Beogh against you.
Beogh smites you!
* * * LOW HITPOINT WARNING * * *
You closely miss the orc priest.
The orc priest is heavily wounded.
The orc priest shouts!
You hit the orc priest.
The orc priest is severely wounded.
The orc priest calls down the wrath of Beogh upon you.
Pain shoots through your body!
* * * LOW HITPOINT WARNING * * *
The worm barely misses you.
Okay, then.
As you read the scroll of summoning, it crumbles to dust.
Wisps of shadow whirl around you...
The orc priest hits you but does no damage.
Your kobold hits the worm with a +0 short sword.
Your adder misses the orc priest.
The orc priest invokes the aid of Beogh against you.
You barely resist. Your phantom hits the worm.
Your phantom blinks!
The worm blinks!
Your kobold hits the orc priest with a +0 short sword.
The orc priest attacks as you move away!
The orc priest barely misses you.
The orc priest calls down the wrath of Beogh upon you.
Pain shoots through your body!
You die...

##..#..#.##
#..#o≈...≈5#..#
......)...#
#..#5≈...≈5#...
#..#...####..####+####...
#...........#P../..P#...
#...##...<...#8P.©.P8#...
...h.#
##..#...#########..#
#..## ##.#S......©......#
##. #$#....W....###### #
#@#S....##.##
#.og###....# ∆
#########.# ###.##
#.)..####.### #.##
####........# #.)#
######...####.###
#..........#
#.#..##....#### ∆
#.##.#####....##


You could see an orc priest (ally target) and a friendly goblin (summoned).

Vanquished Creatures
  2 vampire bats (D:3)
  An orc priest (D:4)
  A hound (D:4)
  3 orc wizards (D:4)
  A gnoll (D:3)
  2 dart slugs
  9 orcs
  4 ball pythons
  7 bats
  2 bat skeletons (D:3)
  3 bat zombies (D:3)
  An endoplasm (D:4)
  5 giant cockroaches (D:1)
  3 goblins
  4 hobgoblins
  6 kobolds
  4 quokkas
  6 frilled lizards
  3 rats
67 creatures vanquished.

Vanquished Creatures (collateral kills)
  A hobgoblin (D:1)
1 creature vanquished.

Grand Total: 68 creatures vanquished

Notes
Turn   | Place    | Note
-------+----------+-------------------------------------------
     0 | D:1      | zeram the Gnoll Summoner began the quest for the Orb.
     0 | D:1      | Reached XP level 1. HP: 13/13 MP: 6/6
   306 | D:1      | Reached XP level 2. HP: 19/19 MP: 7/7
   309 | D:1      | Learned a level 2 spell: Call Imp
  1131 | D:2      | Noticed Sigmund
  1148 | D:1      | Reached skill level 5 in Spellcasting
  1148 | D:1      | Reached XP level 3. HP: 24/25 MP: 7/9
  1335 | D:3      | Reached skill level 1 in Invocations
  1703 | D:3      | Reached skill level 1 in Fighting
  1703 | D:3      | Reached skill level 1 in Short Blades
  1703 | D:3      | Reached skill level 1 in Long Blades
  1703 | D:3      | Reached skill level 1 in Axes
  1703 | D:3      | Reached skill level 1 in Maces & Flails
  1703 | D:3      | Reached skill level 1 in Polearms
  1703 | D:3      | Reached skill level 1 in Staves
  1703 | D:3      | Reached skill level 1 in Ranged Weapons
  1703 | D:3      | Reached skill level 1 in Throwing
  1703 | D:3      | Reached skill level 1 in Armour
  1703 | D:3      | Reached skill level 1 in Shields
  1703 | D:3      | Reached skill level 1 in Unarmed Combat
  1703 | D:3      | Reached skill level 1 in Evocations
  1858 | D:3      | Found an ancient bone altar of Kikubaaqudgha.
  2143 | D:3      | Reached skill level 1 in Conjurations
  2143 | D:3      | Reached skill level 1 in Hexes
  2143 | D:3      | Reached skill level 1 in Necromancy
  2143 | D:3      | Reached skill level 1 in Translocations
  2143 | D:3      | Reached skill level 1 in Transmutations
  2143 | D:3      | Reached skill level 1 in Fire Magic
  2143 | D:3      | Reached skill level 1 in Ice Magic
  2143 | D:3      | Reached skill level 1 in Air Magic
  2143 | D:3      | Reached skill level 1 in Earth Magic
  2143 | D:3      | Reached skill level 1 in Poison Magic
  2143 | D:3      | Reached XP level 4. HP: 20/32 MP: 11/11
  2186 | D:3      | Reached XP level 5. HP: 13/37 MP: 12/12
  2478 | D:4      | Found a transporter.
  2601 | D:4      | Gained mutation: You have a pair of small horns on your
                  | head. [potion of mutation]
  2773 | D:4      | Reached XP level 6. HP: 31/44 MP: 13/13
  2897 | D:4      | Found a transporter.
  2934 | D:4      | Found a glowing golden altar of the Shining One.
  2943 | D:4      | Found a blossoming altar of Fedhas.
  3071 | D:4      | Reached skill level 5 in Dodging
  3506 | D:4      | Killed from afar by an orc priest

Illustrated notes

Levels and vault maps discovered:
D:1:      evilmike_arrival_crescent, layout_loops_cross
D:2:      minmay_skewed_foursquare, layout_loops_ring, grunt_ministairs_10,
          uniq_sigmund
D:3:      layout_rooms, kennysheep_vampire_church
D:4:      gammafunk_wand_slinger, layout_rooms, mainiacjoe_overflow_swirl,
          nicolae_dithmenos_shadow_blocks, uniq_robin

Skill      XL: |  1  2  3  4  5  6 |
---------------+-------------------+-----
Spellcasting   | 5 |  5.4
Invocations    | 1 2 |  2.2
Fighting       | 1 2 |  2.0
Short Blades   | 1 2 |  2.0
Long Blades    | 1 2 |  2.0
Axes           | 1 2 |  2.0
Maces & Flails | 1 2 |  2.0
Polearms       | 1 2 |  2.0
Staves         | 1 2 |  2.0
Ranged Weapons | 1 2 |  2.0
Throwing       | 1 2 |  2.0
Armour         | 1 2 |  2.0
Shields        | 1 2 |  2.0
Unarmed Combat | 1 2 |  2.0
Evocations     | 1 2 |  2.0
Conjurations   | 1 |  1.6
Hexes          | 1 |  1.6
Necromancy     | 1 |  1.6
Translocations | 1 |  1.6
Transmutations | 1 |  1.6
Fire Magic     | 1 |  1.6
Ice Magic      | 1 |  1.6
Air Magic      | 1 |  1.6
Earth Magic    | 1 |  1.6
Poison Magic   | 1 |  1.6
Dodging        | 5 |  5.0
Stealth        | |  4.6
Summonings     | |  7.3

Action                   |  1- 3 |  4- 6 || total
-------------------------+-------+-------++-------
Melee: Whip              |    17 |       ||    17
       Dagger            |   254 |   209 ||   463
       Unarmed           |     7 |       ||     7
       Bite              |    19 |    18 ||    37
       Punch             |     2 |     4 ||     6
       Headbutt          |       |    22 ||    22
 Cast: Summon Small Mamm |     2 |       ||     2
  Use: Scroll            |     2 |     5 ||     7
       Potion            |       |     2 ||     2
Armor: Storm dragon scal |   268 |   121 ||   389
Dodge: Dodged            |    62 |    32 ||    94
Block: Other             |    79 |    23 ||   102
       Reflection        |     3 |       ||     3
